[Event "World Junior U20 Girls 2018"]
[Site "Gebze"]
[Date "2018.09.08"]
[Round "5"]
[White "Tokhirjonova, Gulrukhbegim"]
[Black "Varshini, V."]
[Result "1-0"]
[ECO "B81"]
[WhiteElo "2369"]
[BlackElo "2173"]
[Annotator "NA"]
[PlyCount "67"]
[EventDate "2018.09.05"]
[EventType "swiss"]
[EventCountry "TUR"]
[SourceTitle "playchess.com"]
[Source "ChessBase"]
[SourceQuality "1"]
[TimeControl "40/5400+30:1800+30"]

1. e4 c5 2. Nf3 d6 3. d4 cxd4 4. Nxd4 Nf6 5. Nc3 a6 6. h3 e6 7. g4 Be7 {[%emt 0:00:00] B81: Sicilian Scheveningen: Keres Attack} (7... h6 8. Bg2 g5 9. Be3 Nbd7 10. Qe2 Ne5 11. O-O-O Nfd7 12. h4 Rg8 13. hxg5 hxg5 14. Kb1 b5 15. f4 gxf4 16. Bxf4 Bb7 {½-½ (56) Karjakin,S (2773)-Mamedyarov,S (2801) Saint Louis 2018}) 8. g5 Nfd7 9. Be3 Nc6 10. h4 Qc7 11. h5 Nce5 12. f4 Nc4 13. Bxc4 Qxc4 14. Qf3 b5 15. O-O-O Bb7 $146 ({Predecessor:} 15... b4 16. e5 d5 17. Nce2 O-O 18. Kb1 Qc7 19. Qg2 Nc5 20. Rdg1 Ne4 21. f5 {1-0 (21) Gerasimov,V (2507)-Stepanov,K (2356) ICCF email 2015}) 16. g6 O-O-O 17. gxf7 b4 18. Nb1 Qxa2 19. Nb3 Bf6 20. Bd4 e5 21. fxe5 dxe5 22. Ba7 Rhf8 23. Qe2 Qa4 24. N1d2 Bg5 $18 25. Kb1 Bxd2 26. Nxd2 Qc6 27. Nc4 Nf6 28. Rxd8+ Rxd8 29. Rd1 Rf8 30. Qd3 Nxe4 31. Qh3+ Kc7 32. Nxe5 Bc8 33. Qd3 Nc5 34. Qc4 1-0

[Event "World Junior U20 Girls 2018"]
[Site "Gebze"]
[Date "2018.09.08"]
[Round "5"]
[White "Gorti, Akshita"]
[Black "Mahalakshmi, M."]
[Result "1/2-1/2"]
[ECO "E14"]
[WhiteElo "2315"]
[BlackElo "2213"]
[Annotator "NA"]
[PlyCount "115"]
[EventDate "2018.09.05"]
[EventType "swiss"]
[EventCountry "TUR"]
[SourceTitle "playchess.com"]
[Source "ChessBase"]
[SourceQuality "1"]
[TimeControl "40/5400+30:1800+30"]

1. d4 Nf6 2. Nf3 e6 3. e3 b6 4. Bd3 Bb7 5. O-O d5 6. c4 Bd6 7. b3 O-O 8. Nc3 Nbd7 9. Bb2 a6 10. Rc1 Qe7 11. Na4 dxc4 12. bxc4 Rad8 {[%emt 0:01:30] E14: Queen's Indian: Classical Variation (4 e3)} (12... c5 13. Ne5 Rfd8 14. Qe2 cxd4 15. exd4 Ba3 16. Nxd7 Qxd7 17. Bxa3 Qxa4 18. Bb2 Qc6 19. f3 b5 20. cxb5 {1-0 (58) Marin,M (2544)-Nevednichy,V (2525) Porto Mannu 2018}) 13. Ne5 $146 ({Predecessor:} 13. Qc2 Ba3 14. Be2 e5 15. Bxa3 Qxa3 16. Nxe5 Nxe5 17. dxe5 Ne4 18. Rfd1 Rxd1+ 19. Rxd1 Bc6 20. Nb2 {½-½ (51) Celen,F (2304)-Zundel,W (2329) ICCF email 2008}) 13... Bxe5 14. dxe5 Ne4 15. Qc2 Qh4 16. Bd4 Nec5 17. Bxc5 Nxc5 18. Nxc5 bxc5 19. f4 Rd7 20. Rcd1 Rfd8 21. Be2 g6 22. Rxd7 Rxd7 23. Rd1 Be4 24. Qa4 Rd2 25. Rxd2 Qe1+ 26. Bf1 Qxd2 27. Qa3 Qe1 28. Qb3 Kg7 29. a3 a5 30. a4 h5 31. Qa3 Bc2 32. h3 h4 33. Qxc5 Bd3 34. Qe7 Bxf1 35. Qf6+ Kg8 36. Qd8+ Kg7 37. Qf6+ Kg8 38. Qd8+ Kh7 39. Qf6 Bxc4+ 40. Kh2 Qg3+ 41. Kh1 Kg8 42. Qd8+ Kh7 43. Qf6 Qe1+ 44. Kh2 Qb4 45. Qxf7+ Kh8 46. Qf6+ Kg8 47. Qxg6+ Kf8 48. Qh7 Qxa4 49. Qxc7 Bd5 50. Qd8+ Qe8 51. Qxa5 Qg6 52. Qd2 $17 (52. Qd8+ $11 {remains equal.} Kg7 53. Qe7+ Kg8 54. Qd8+ Kg7 55. Qe7+ Kg8 56. Qd8+ Kg7) 52... Qg3+ 53. Kg1 Kg7 54. Qe2 Be4 55. Qd2 Kh6 56. Qe2 Kg7 57. Qd2 Kh6 58. Qe2 1/2-1/2

[Event "World Junior U20 Girls 2018"]
[Site "Gebze"]
[Date "2018.09.08"]
[Round "5"]
[White "Unuk, Laura"]
[Black "Pychova, Nela"]
[Result "1-0"]
[ECO "E01"]
[WhiteElo "2299"]
[BlackElo "2173"]
[Annotator "NA"]
[PlyCount "89"]
[EventDate "2018.09.05"]
[EventType "swiss"]
[EventCountry "TUR"]
[SourceTitle "playchess.com"]
[Source "ChessBase"]
[SourceQuality "1"]
[TimeControl "40/5400+30:1800+30"]

1. d4 Nf6 2. c4 e6 3. Nf3 d5 4. g3 Bb4+ 5. Bd2 Bd6 6. Nc3 c6 7. Qc2 O-O 8. e4 dxe4 9. Nxe4 Nxe4 10. Qxe4 f5 11. Qe2 Re8 $16 12. Bg2 Nd7 13. Bc3 Nf6 14. Ne5 Bd7 15. O-O Re7 16. Rad1 Be8 17. h3 Qc7 18. g4 Rd8 19. Rfe1 b5 20. b3 b4 21. Bb2 a5 22. Qf3 c5 23. dxc5 Bxc5 24. gxf5 Rxd1 25. Rxd1 exf5 26. Qxf5 Bd6 27. Ng4 Nxg4 28. Bd5+ Bf7 29. hxg4 h6 30. Be4 Kf8 31. Rd3 Qc5 32. Bxg7+ Kxg7 33. Qh7+ Kf8 34. Qh8+ Bg8 35. Bd5 Re1+ 36. Kg2 Re2 37. Rf3+ Ke7 38. Qxg8 Kd7 39. Rf7+ Be7 40. Qg6 a4 41. bxa4 Rxa2 42. Qf5+ Kd8 43. Rg7 b3 44. Rg8+ Kc7 45. Qc8+ 1-0

[Event "World Junior U20 Girls 2018"]
[Site "Gebze"]
[Date "2018.09.08"]
[Round "5"]
[White "Antova, Gabriela"]
[Black "Chu, Ruotong"]
[Result "1-0"]
[ECO "D24"]
[WhiteElo "2292"]
[BlackElo "2199"]
[Annotator "NA"]
[PlyCount "193"]
[EventDate "2018.09.05"]
[EventType "swiss"]
[EventCountry "TUR"]
[SourceTitle "playchess.com"]
[Source "ChessBase"]
[SourceQuality "1"]
[TimeControl "40/5400+30:1800+30"]

1. d4 d5 2. Nf3 Nf6 3. c4 dxc4 4. Nc3 Bg4 5. Ne5 {[%emt 0:08:00] D24: Queen's Gambit Accepted: 3 Nf3 Nf6 4 Nc3} Bh5 6. f3 Nbd7 7. Nxc4 Nb6 8. Ne5 $146 ({Predecessor:} 8. Na5 Rb8 9. e4 e6 10. a3 Nfd7 11. Be3 Bd6 12. Qd2 {½-½ (48) Andersson,U (2605)-Kavalek,L (2590) Bugojno 1982}) 8... Nfd5 9. e4 Nxc3 10. bxc3 Nd7 11. Nd3 e6 12. Nf4 Bd6 13. e5 Nxe5 14. dxe5 Bxe5 15. Qxd8+ Rxd8 16. Ne2 O-O 17. Bf4 Bf6 18. Bxc7 Rc8 19. Bd6 Rfd8 20. Rd1 Bxc3+ 21. Nxc3 Rxc3 22. Bb4 Rxd1+ 23. Kxd1 Rxf3 24. Ke1 Rf4 25. a3 b6 26. Bd3 Rd4 27. Bc2 Rd5 28. Bc3 Rg5 29. Be4 Rg4 30. Bb7 Ra4 {[%emt 0:05:30] [#]} 31. Bb4 $1 b5 32. Bc6 Ra6 33. Bxb5 Rb6 34. a4 a6 35. Bc5 Rb7 36. Bd3 Rb2 37. Rf1 Ra2 38. Rf4 g5 39. Rb4 a5 40. Rb8+ Kg7 41. Bd4+ f6 42. Rb7+ Bf7 43. Bb5 Kg6 44. Kf1 Ra3 45. Bb2 Rb3 46. Bc1 f5 47. Bd2 Rb1+ 48. Ke2 Rb2 49. Ra7 e5 50. g4 f4 51. Bd3+ Kf6 52. Ra6+ Ke7 53. Rxa5 Kd6 54. Rb5 Ra2 55. Rb4 Bd5 56. a5 Kc5 57. Rb5+ Kd4 58. Rb4+ Kc5 59. Rb8 e4 60. Bb1 Ra4 61. Rc8+ Kd6 62. Bc2 Ra1 63. Bb4+ Kd7 64. Rc5 Ke6 65. Rc8 Kd7 66. Rh8 Ra2 67. Kd1 e3 68. Rxh7+ Kc6 69. Re7 f3 70. Rxe3 f2 71. Bd3 Ra1+ 72. Kd2 f1=Q 73. Bxf1 Rxf1 74. Be7 Rh1 75. Rh3 Rg1 76. Rh6+ Kb5 77. h3 Kxa5 78. Bxg5 Kb5 79. Bf6 Kc5 80. g5 Rg2+ 81. Ke3 Kd6 82. Bd4+ Ke7 83. h4 Bf7 84. Bc5+ Ke8 85. Kf4 Rh2 $18 86. Ke5 Rc2 87. Rh8+ Kd7 88. Kf6 Bd5 89. Bd4 Rd2 90. Bc3 Rd3 91. Ba1 Rf3+ 92. Kg7 Rf5 93. Bf6 Bc6 94. h5 Ke6 95. Rc8 Be4 96. Re8+ Kd5 97. h6 1-0

[Event "World Junior U20 Girls 2018"]
[Site "Gebze"]
[Date "2018.09.08"]
[Round "5"]
[White "Chitlange Sakshi"]
[Black "Meenal Gupta"]
[Result "1/2-1/2"]
[ECO "E16"]
[WhiteElo "2279"]
[BlackElo "1963"]
[Annotator "NA"]
[PlyCount "189"]
[EventDate "2018.09.05"]
[EventType "swiss"]
[EventCountry "TUR"]
[SourceTitle "playchess.com"]
[Source "ChessBase"]
[SourceQuality "1"]
[TimeControl "40/5400+30:1800+30"]

1. d4 Nf6 2. c4 e6 3. Nf3 Bb4+ 4. Bd2 Qe7 5. g3 b6 6. Bg2 Bb7 7. O-O Bxd2 8. Qxd2 d6 9. Rd1 {[%emt 0:08:30] E16: Queen's Indian: 4 g3 Bb7 5 Bg2 Bb4+} (9. d5 e5 10. Nc3 a5 11. Nh4 Bc8 12. e4 O-O 13. Rae1 Nh5 14. Nf5 Bxf5 15. exf5 Nf6 16. f4 Nbd7 {½-½ (25) Bluebaum,M (2633)-Fedorchuk,S (2637) Brest 2018}) 9... Nbd7 10. Nc3 Ne4 $146 ({Predecessor:} 10... O-O 11. Rac1 a6 12. a3 Rab8 13. b4 Rfd8 14. d5 e5 15. e4 Nf8 16. Nh4 g6 17. Qe2 {1-0 (49) Kraidman,Y (2307)-Nietsch,H (2078) Halle 2004}) 11. Nxe4 Bxe4 12. Rac1 a5 13. Qe3 Bb7 14. b3 O-O 15. a3 Rfe8 16. Bh3 Bxf3 17. Qxf3 Ra7 18. Qe3 Rb8 19. Bg2 c5 20. Bc6 Rc7 21. Bb5 Nf6 22. Qd2 cxd4 23. Qxd4 d5 24. a4 e5 25. Qh4 d4 $1 26. Rd3 Nd5 27. Qxe7 Nxe7 28. Rcd1 g6 29. e3 dxe3 30. fxe3 Kg7 31. Kf2 h5 32. Kf3 Nf5 33. Rd8 Rxd8 34. Rxd8 e4+ 35. Ke2 Rb7 36. Bc6 Re7 37. Rb8 Re6 38. Bd5 Rd6 39. Bxe4 Ne7 40. Rb7 Kf6 41. Rc7 Re6 42. Bd5 Nxd5 43. cxd5 Rd6 44. Rb7 Ke5 45. Rxf7 Kxd5 46. Rf4 Ke5 47. h4 b5 48. g4 Rb6 49. g5 bxa4 50. bxa4 Rb2+ 51. Kf3 Ra2 52. Rc4 Kd5 53. Rd4+ Ke5 54. Rf4 Ra3 55. Re4+ Kd6 56. Kf4 Ra1 57. Rd4+ Ke6 $1 58. Ke4 Rc1 59. Kd3 Kf5 60. Rc4 Ra1 61. Kd4 Re1 62. Kc5 Rxe3 63. Kb6 Re5 64. Rd4 Ke6 65. Rf4 Kd7 66. Rf7+ Ke8 67. Rf6 Re4 68. Kxa5 Rxh4 69. Rxg6 Rg4 70. Kb5 Kf7 71. Rf6+ Ke7 72. Rf5 $11 (72. Rh6 $1 $14 Rxg5+ 73. Kb6) 72... h4 73. g6 Rxg6 74. Rh5 Kd7 75. a5 Kc7 76. Rh7+ Kb8 77. Rxh4 Rg5+ 78. Kc6 Rg6+ 79. Kb5 Rg5+ 80. Kb4 Kb7 81. Rf4 Rh5 82. Rf7+ Ka6 83. Rf6+ Ka7 84. Rc6 Kb7 85. Rf6 Ka7 86. Rg6 Kb7 87. Ka4 Rh4+ 88. Kb5 Rh5+ 89. Kb4 Rh4+ 90. Kb3 Ka7 91. Ka3 Kb7 92. Rb6+ Ka7 93. Rb4 Rxb4 94. Kxb4 Ka6 95. Ka4 1/2-1/2

[Event "World Junior U20 Girls 2018"]
[Site "Gebze"]
[Date "2018.09.08"]
[Round "5"]
[White "Potapova, Margarita"]
[Black "Du, Yuxin"]
[Result "1-0"]
[ECO "E12"]
[WhiteElo "2277"]
[BlackElo "2146"]
[Annotator "NA"]
[PlyCount "77"]
[EventDate "2018.09.05"]
[EventType "swiss"]
[EventCountry "TUR"]
[SourceTitle "playchess.com"]
[Source "ChessBase"]
[SourceQuality "1"]
[TimeControl "40/5400+30:1800+30"]

1. d4 Nf6 2. c4 e6 3. Nf3 b6 4. a3 Bb7 5. Nc3 Be7 6. d5 Ba6 7. e4 exd5 8. cxd5 Bxf1 9. Kxf1 d6 10. Nd4 Nfd7 11. g3 Bf6 12. Kg2 O-O 13. Be3 Re8 14. Rc1 a5 15. f3 Na6 16. Nc6 Qc8 17. b4 axb4 18. axb4 Ne5 19. Qb3 Nb8 20. Nxe5 Bxe5 21. Rc2 Qd7 22. Rhc1 c5 23. dxc6 Nxc6 24. Nd5 Nd4 25. Bxd4 Bxd4 26. Nc7 Rac8 27. Nxe8 Rxe8 28. Rc7 Qe6 29. Qxe6 fxe6 30. R1c4 Be3 31. Rd7 d5 32. exd5 exd5 33. Rxd5 Ra8 34. Rd7 Ra2+ 35. Kh3 h5 36. Rcc7 Bg1 37. Rxg7+ Kf8 38. Kh4 Rxh2+ 39. Kg5 1-0

[Event "World Junior U20 Girls 2018"]
[Site "Gebze"]
[Date "2018.09.08"]
[Round "5"]
[White "Sliwicka, Alicja"]
[Black "Khomeriki, Nino"]
[Result "0-1"]
[ECO "C55"]
[WhiteElo "2272"]
[BlackElo "2313"]
[Annotator "NA"]
[PlyCount "62"]
[EventDate "2018.09.05"]
[EventType "swiss"]
[EventCountry "TUR"]
[SourceTitle "playchess.com"]
[Source "ChessBase"]
[SourceQuality "1"]
[TimeControl "40/5400+30:1800+30"]

1. e4 e5 2. Nf3 Nc6 3. Bc4 Nf6 4. d3 Be7 5. O-O O-O 6. Re1 d6 7. a4 Kh8 8. a5 {[%emt 0:00:00] C55: Two Knights: 4 d3, 4 d4 exd4 5 e5 and Max Lange Attack} (8. Nc3 Ng8 9. Nd5 f5 10. h3 fxe4 11. dxe4 Nf6 12. a5 a6 13. Ra3 Be6 14. Nxf6 Bxc4 15. Nd5 Bb5 {½-½ (67) Caruana,F (2822)-Grischuk,A (2766) Saint Louis 2018}) 8... a6 9. Nc3 h6 10. h3 Nh7 11. Nd5 f5 12. c3 f4 $146 ({Predecessor:} 12... Bf6 13. b4 g5 14. d4 fxe4 15. Rxe4 Bg7 16. dxe5 dxe5 {1-0 (36) Wang,K (2323)-Friedel,J (2519) Philadelphia 2016}) 13. d4 Ng5 14. Nh2 Bd7 15. b4 Be8 16. Bb3 Bg6 17. Bc2 Bf7 18. Ba3 f3 19. h4 Nh7 20. Nxe7 Qxe7 21. dxe5 Bh5 22. exd6 Qxh4 23. Re3 $2 (23. Qd3 {war die entscheidende Verteidigung.} Ne5 24. g3 Qxg3+ 25. fxg3 f2+ 26. Kg2 fxe1=N+ 27. Rxe1 Nxd3 28. Bxd3) 23... fxg2 24. Qe1 Ng5 25. Kxg2 {[%emt 0:02:04] [#]} Bf3+ $1 26. Rxf3 Nxf3 27. Nxf3 Qg4+ 28. Kf1 Qh3+ 29. Kg1 Rxf3 30. e5 Rf4 31. Bd1 Rh4 0-1

[Event "World Junior U20 Girls 2018"]
[Site "Gebze"]
[Date "2018.09.08"]
[Round "5"]
[White "Alinasab, Mobina"]
[Black "Song, Yuxin"]
[Result "1/2-1/2"]
[ECO "B90"]
[WhiteElo "2261"]
[BlackElo "2156"]
[Annotator "NA"]
[PlyCount "133"]
[EventDate "2018.09.05"]
[EventType "swiss"]
[EventCountry "TUR"]
[SourceTitle "playchess.com"]
[Source "ChessBase"]
[SourceQuality "1"]
[TimeControl "40/5400+30:1800+30"]

1. e4 c5 2. Nf3 d6 3. d4 cxd4 4. Nxd4 Nf6 5. Nc3 a6 6. h3 e5 7. Nde2 h5 {[%emt 0:02:30] B90: Sicilian Najdorf: Unusual White 6th moves, 6 Be3 Ng4 and 6 Be3 e5} (7... b5 8. Ng3 Qc7 9. Bd3 g6 10. O-O Bg7 11. Bd2 O-O 12. a4 b4 13. Na2 a5 14. c3 bxc3 15. Nxc3 Be6 {½-½ (40) Svidler,P (2760)-Khismatullin,D (2632) Sochi 2018}) 8. Bg5 Be6 9. Qd2 Nbd7 10. Ng3 Qc7 $146 ({Predecessor:} 10... Be7 11. h4 Qa5 12. Rd1 b5 13. Bd3 Rc8 14. O-O Qb6 15. Kh1 {1-0 (30) Abrahamyan,T (2264)-Troff,K (2279) Los Angeles 2011}) 11. Be2 b5 12. a3 Qb7 13. Bf3 g6 14. Nf1 Nh7 15. Be3 Nhf6 16. Bg5 Nh7 17. Be3 Nhf6 18. g3 Nc5 19. Bxc5 dxc5 20. Ne3 Bh6 21. Qe2 O-O-O 22. Bg2 h4 23. g4 Rd6 24. O-O Rhd8 25. Rad1 Rxd1 26. Rxd1 Rxd1+ 27. Qxd1 Qd7 28. Ncd5 Bxd5 29. Nxd5 Nxd5 30. exd5 Kc7 31. Qe1 Qd6 32. Qa5+ Kb7 33. c4 $11 bxc4 34. Qa4 Kc7 35. Qxc4 Kd8 36. Qa4 Bd2 37. Qb3 Kc7 38. Qc2 Bf4 39. Qc4 Kd8 40. Bf1 Ke7 41. Bd3 Qb6 42. Qa4 a5 43. Bb5 Bc1 44. b3 Bxa3 45. d6+ Kxd6 46. Be8 Qd8 47. Bxf7 Bb4 48. Bxg6 Kc7 49. Be4 Qd7 50. Qa2 Qd2 51. Qb1 Qe1+ 52. Qxe1 Bxe1 53. Kf1 Bd2 54. Ke2 Bf4 55. Kd3 Kd6 56. Ba8 Ke6 57. Ke4 Bc1 58. Bd5+ Kf6 59. Bc4 Bd2 60. Kd5 Bb4 61. Kd6 e4 62. Kd5 Be1 63. Kxe4 Bxf2 64. Kf3 Bg3 65. Ke4 Kg5 66. Be2 Be1 67. Bc4 1/2-1/2

[Event "World Junior U20 Girls 2018"]
[Site "Gebze"]
[Date "2018.09.08"]
[Round "5"]
[White "Haussernot, Cecile"]
[Black "Nurgali, Nazerke"]
[Result "1-0"]
[ECO "B13"]
[WhiteElo "2237"]
[BlackElo "2080"]
[Annotator "NA"]
[PlyCount "81"]
[EventDate "2018.09.05"]
[EventType "swiss"]
[EventCountry "TUR"]
[SourceTitle "playchess.com"]
[Source "ChessBase"]
[SourceQuality "1"]
[TimeControl "40/5400+30:1800+30"]

1. e4 c6 2. d4 d5 3. exd5 cxd5 4. Bd3 Nc6 5. c3 Nf6 6. Bf4 g6 7. Nf3 Bg7 8. O-O O-O 9. h3 a6 10. Nbd2 {[%emt 0:00:30] B13: Caro-Kann (Abtausch-Variante 4.c4)} Re8 (10... Bf5 11. Bxf5 gxf5 12. Ne5 e6 13. Nxc6 bxc6 14. Nb3 Nd7 15. Re1 Kh8 16. Re3 a5 17. a4 Qb6 {1-0 (49) Ivanchuk,V (2740)-Riazantsev,A (2638) Dagomys 2008}) 11. Re1 Nd7 12. Ne5 Ncxe5 13. dxe5 Nc5 14. Nf3 $146 ({Vorgänger:} 14. Bc2 Ne6 15. Bg3 d4 16. c4 Bd7 17. Nb3 {1-0 (40) Mazziotti Irigoyen,G (2253)-Roque,P Buenos Aires 2004}) 14... b5 15. Nd4 Bd7 16. Bc2 e6 17. Qd2 Qc7 18. Qe3 Nb7 19. Bh6 Bh8 20. Bg5 Na5 21. Bf6 Bg7 22. h4 Nc4 23. Qg5 h6 $16 24. Qf4 Bxf6 25. Qxf6 Qd8 26. Qf4 Kg7 27. b3 Nb6 28. Re3 Qe7 29. Rf3 Rf8 30. Re1 Rac8 31. Qe3 Na8 32. Ne2 b4 33. Rf6 Rg8 34. Rd1 Bb5 35. c4 dxc4 36. Nf4 Be8 37. h5 cxb3 38. hxg6 fxg6 39. Rxe6 Qb7 40. Be4 Qb5 41. Nh5+ 1-0

[Event "World Junior U20 Girls 2018"]
[Site "Gebze"]
[Date "2018.09.08"]
[Round "5"]
[White "Maltsevskaya, Aleksandra"]
[Black "Tsolakidou, Stavroula"]
[Result "1-0"]
[ECO "D40"]
[WhiteElo "2234"]
[BlackElo "2393"]
[Annotator "NA"]
[PlyCount "107"]
[EventDate "2018.09.05"]
[EventType "swiss"]
[EventCountry "TUR"]
[SourceTitle "playchess.com"]
[Source "ChessBase"]
[SourceQuality "1"]
[TimeControl "40/5400+30:1800+30"]

1. d4 Nf6 2. c4 e6 3. Nf3 c5 4. e3 a6 5. Nc3 d5 6. cxd5 exd5 7. Bd3 {[%emt 0:02:30] D40: Queen's Gambit Declined: Semi-Tarrasch with 5 e3} (7. Be2 Nc6 8. O-O cxd4 9. Nxd4 Bd6 10. b3 Be5 11. Nxc6 bxc6 12. Bb2 h5 13. f4 Bb8 14. Na4 Ba7 15. Bd4 Bg4 16. Bxg4 hxg4 17. Rc1 {1-0 (68) Mamedyarov,S (2801)-Navara,D (2741) Biel 2018}) 7... Nc6 8. O-O Bg4 9. h3 Bh5 10. Be2 $146 ({Predecessor:} 10. Re1 Be7 11. dxc5 O-O 12. Be2 Bxc5 13. a3 Ba7 14. b4 Re8 {0-1 (37) Avalos,L (1687)-Cosma,E (2327) Tromsoe 2014}) 10... Bd6 11. dxc5 Bxc5 12. b3 O-O 13. Bb2 Ba7 14. Nd4 Bxd4 15. Bxh5 Be5 16. Bf3 Qd6 17. Rb1 Rfd8 18. Ne2 Rac8 19. Nd4 Ne7 20. Qe2 Ng6 21. Rfd1 Re8 22. Rd2 Rcd8 23. Rbd1 Nh4 24. Kh1 Qd7 25. Bg4 Qe7 26. Bf3 Qd7 27. Bg4 Qe7 28. Bf3 g6 29. Qd3 Qd7 30. Qf1 h5 31. Ne2 Bxb2 32. Rxb2 Nxf3 33. gxf3 Qf5 34. Qg2 Rc8 35. Rbd2 Rc5 36. Nf4 Rec8 37. Qg3 Rc1 38. Ne2 Rxd1+ 39. Rxd1 h4 40. Qg2 Kg7 41. Nd4 Qh5 42. Rg1 Rc3 43. Qh2 Rd3 44. Qf4 Nh7 45. Nf5+ Kg8 46. Nh6+ Kg7 47. Nxf7 Rd2 48. Ne5 g5 49. Qb4 $18 (49. Qf5 $142 Qh6 50. Rc1 Rd1+ 51. Rxd1) 49... Rxf2 50. Qxb7+ Kf8 51. Rc1 Nf6 52. Rc8+ Ne8 53. Qb4+ Kg8 54. Qe7 1-0

[Event "World Junior U20 Girls 2018"]
[Site "Gebze"]
[Date "2018.09.08"]
[Round "5"]
[White "Paramzina, Anastasya"]
[Black "Dwilewicz, Katarzyna"]
[Result "1-0"]
[ECO "C54"]
[WhiteElo "2222"]
[BlackElo "2081"]
[Annotator "NA"]
[PlyCount "75"]
[EventDate "2018.09.05"]
[EventType "swiss"]
[EventCountry "TUR"]
[SourceTitle "playchess.com"]
[Source "ChessBase"]
[SourceQuality "1"]
[TimeControl "40/5400+30:1800+30"]

1. e4 e5 2. Nf3 Nc6 3. Bc4 Bc5 4. O-O Nf6 5. d3 d6 6. c3 h6 7. Nbd2 O-O 8. Re1 a6 9. a4 Ba7 10. a5 Ne7 11. Nf1 Ng6 12. Ng3 c6 13. Ba2 Re8 14. b4 Be6 15. c4 Qd7 16. Be3 Kh7 17. h3 Qc7 18. d4 exd4 19. Nxd4 Bxd4 20. Bxd4 Nd7 21. Nf5 f6 22. Bc3 d5 23. cxd5 cxd5 24. Bxd5 Bxd5 25. Qxd5 Qxc3 26. Qxd7 Rg8 27. Qxb7 Nf4 28. Rad1 Rab8 29. Qxa6 Rxb4 30. Qd6 Ng6 31. Rc1 Qa3 32. Ra1 Qc3 33. a6 Rxe4 34. Rec1 Qb2 35. a7 Rf4 36. Qc5 Rc8 37. Qxc8 Qxf2+ 38. Kh1 1-0

[Event "World Junior U20 Girls 2018"]
[Site "Gebze"]
[Date "2018.09.08"]
[Round "5"]
[White "Altantuya, Boldbaatar"]
[Black "Assaubayeva, Bibisara"]
[Result "0-1"]
[ECO "E63"]
[WhiteElo "2210"]
[BlackElo "2371"]
[Annotator "NA"]
[PlyCount "88"]
[EventDate "2018.09.05"]
[EventType "swiss"]
[EventCountry "TUR"]
[SourceTitle "playchess.com"]
[Source "ChessBase"]
[SourceQuality "1"]
[TimeControl "40/5400+30:1800+30"]

1. d4 Nf6 2. c4 g6 3. Nc3 Bg7 4. Nf3 O-O 5. g3 d6 6. Bg2 Nc6 7. O-O a6 8. h3 Rb8 9. e4 b5 10. e5 dxe5 11. dxe5 Nd7 {[%emt 0:00:30] E63: King's Indian: Fianchetto: Panno Variation with 7...a6} (11... Qxd1 12. Rxd1 Nd7 13. e6 fxe6 14. cxb5 axb5 15. Bf4 b4 16. Na4 Nb6 17. Nxb6 Rxb6 18. Bxc7 Rb7 19. Bf4 Bxb2 20. Rab1 Bc3 21. Bh6 Bg7 22. Bxg7 Kxg7 23. Ng5 Rb6 {½-½ (40) Nielsen,P (2662)-Sjugirov,S (2624) Barcelona 2012}) 12. e6 fxe6 13. cxb5 axb5 14. Qe2 Nde5 15. Nxe5 Nxe5 16. Bf4 $146 ({Predecessor:} 16. Rd1 Bd7 17. Ne4 Qe8 18. Bf4 {1-0 (38) Nagy,G (2422)-Zhou,Q (2156) Kecskemet 2014}) 16... Nd3 17. Bxc7 Qxc7 18. Qxd3 b4 19. Ne4 Bxb2 20. Rab1 Ba3 21. Qe3 Qe5 22. Rfe1 Ba6 23. Qh6 Rfc8 24. Ng5 Qg7 25. Qxg7+ Kxg7 26. Nxe6+ Kh8 27. Bd5 Bd3 28. Rb3 Rc3 29. Nd4 Rd8 30. Re5 Rc1+ 31. Kh2 Rc3 32. Nc6 Rd7 33. Nxe7 Bc2 34. Rxc3 bxc3 35. Nc6 Bd1 36. Re8+ Kg7 37. Rg8+ Kh6 38. Be4 c2 39. Bxc2 Bxc2 40. Ne5 Rd2 41. Nf7+ Kh5 42. Rg7 h6 $19 43. Rh7 Bf8 44. Kg1 Be4 0-1

[Event "World Junior U20 Girls 2018"]
[Site "Gebze"]
[Date "2018.09.08"]
[Round "5"]
[White "Caglar, Sila"]
[Black "Gomez Barrera, Javiera Belen"]
[Result "1/2-1/2"]
[ECO "C47"]
[WhiteElo "2208"]
[BlackElo "2035"]
[Annotator "NA"]
[PlyCount "62"]
[EventDate "2018.09.05"]
[EventType "swiss"]
[EventCountry "TUR"]
[SourceTitle "playchess.com"]
[Source "ChessBase"]
[SourceQuality "1"]
[TimeControl "40/5400+30:1800+30"]

1. e4 e5 2. Nf3 Nc6 3. Nc3 Nf6 4. Be2 d5 5. exd5 Nxd5 6. O-O Nxc3 7. bxc3 e4 {[%emt 0:07:30] C47: Scotch Four Knights and Four Knights with 4 g3} 8. Ne1 Bd6 9. f3 Qh4 (9... f5 10. fxe4 fxe4 11. Rb1 Qe7 12. d4 exd3 13. cxd3 Bd7 14. Rxb7 O-O-O 15. Rb2 {1-0 (29) Van Foreest,J (2629)-Giri,A (2752) Amstelveen 2017}) 10. g3 Qe7 11. fxe4 Qxe4 $146 ({Predecessor:} 11... h5 12. d4 h4 13. Qd3 hxg3 14. hxg3 Qe6 15. g4 {0-1 (61) Vogel,R (2462)-Horvath,D (2429) Bad Blankenburg 2018}) 12. d4 O-O 13. Bd3 Qd5 14. Qf3 Qxf3 15. Nxf3 h6 16. Bd2 Bh3 17. Rf2 Rae8 18. Nh4 Ne7 19. Rb1 b6 20. Re1 g5 21. Nf3 Ng6 22. Bc4 Rxe1+ $11 23. Nxe1 Kg7 24. Ng2 f5 25. Be6 Rf6 26. Bd7 Rf7 27. Be6 Rf6 28. Bd7 Rf7 29. Be6 Rf6 30. Bd7 Rf7 31. Be6 Rf6 1/2-1/2

[Event "World Junior U20 Girls 2018"]
[Site "Gebze"]
[Date "2018.09.08"]
[Round "5"]
[White "Ghukasyan, Siranush"]
[Black "Serikbay, Assel"]
[Result "1-0"]
[ECO "B41"]
[WhiteElo "2205"]
[BlackElo "2125"]
[Annotator "NA"]
[PlyCount "111"]
[EventDate "2018.09.05"]
[EventType "swiss"]
[EventCountry "TUR"]
[SourceTitle "playchess.com"]
[Source "ChessBase"]
[SourceQuality "1"]
[TimeControl "40/5400+30:1800+30"]

1. e4 c5 2. Nf3 e6 3. d4 cxd4 4. Nxd4 a6 5. c4 Nf6 6. Nc3 Qc7 7. Be2 Bb4 8. Qc2 {[%emt 0:09:30] B41: Sicilian: Kan Variation: 5 c4} O-O 9. O-O b6 $146 ({Predecessor:} 9... Nc6 10. Nxc6 dxc6 11. Be3 b5 12. f4 e5 13. f5 Qe7 14. Kh1 Bc5 15. Bg5 Bb7 16. g4 {1-0 (48) Pichot,A (2558)-Gordievsky,D (2630) Hanoi 2018}) 10. Bg5 Be7 11. Qd2 d6 12. Rac1 Bb7 13. f3 Nbd7 14. Rfd1 Rac8 15. a3 Qb8 16. b4 Bd8 17. Nb3 Bc7 18. Bf4 Ne5 19. Bxe5 dxe5 20. Qe3 Rcd8 21. Rxd8 Rxd8 22. Rd1 Rxd1+ 23. Bxd1 Qd8 24. Be2 Nh5 25. Qd3 Qxd3 26. Bxd3 Nf4 27. Bf1 Kf8 28. Kf2 Ke7 29. c5 f5 30. b5 axb5 31. Nxb5 Kd8 32. Nxc7 Kxc7 33. Ke3 Bc6 34. g3 Ng6 35. Bc4 Nf8 36. h4 g6 37. cxb6+ Kxb6 38. g4 h6 39. Bd3 f4+ 40. Kd2 Bb5 41. Nc1 Nd7 42. Kc3 Ba4 43. Bc2 Ka5 44. Nd3 Bb5 45. Bb3 g5 46. hxg5 hxg5 47. Bc4 Bxc4 48. Kxc4 Kb6 $18 49. a4 Ka5 50. Kb3 Nb6 51. Nc5 Nc8 52. Nxe6 Nb6 53. Nxg5 Nxa4 54. Nf7 Kb5 55. Nd6+ Ka5 56. g5 1-0

[Event "World Junior U20 Girls 2018"]
[Site "Gebze"]
[Date "2018.09.08"]
[Round "5"]
[White "Hilario, Aleyla"]
[Black "Hojjatova, Aydan"]
[Result "1-0"]
[ECO "E04"]
[WhiteElo "2203"]
[BlackElo "2356"]
[Annotator "ChessBase"]
[PlyCount "57"]
[EventDate "2018.09.05"]
[EventType "swiss"]
[EventCountry "TUR"]
[SourceTitle "playchess.com"]
[Source "ChessBase"]
[SourceQuality "1"]
[TimeControl "40/5400+30:1800+30"]

1. d4 e6 2. Nf3 Nf6 3. c4 d5 4. g3 dxc4 5. Bg2 c6 6. Ne5 Bb4+ 7. Nc3 Nd5 8. Bd2 Nb6 9. e3 O-O 10. Ne4 Qe7 11. Qc2 Na6 12. O-O f5 13. a3 Bxd2 14. Nxd2 Bd7 15. Ndxc4 Nd5 16. b4 Nac7 17. Na5 Rab8 18. Rfc1 Be8 19. Rab1 Bh5 20. e4 fxe4 21. Bxe4 Nf6 22. Bxc6 bxc6 23. Naxc6 Qd6 24. Nxb8 Nb5 25. Nbc6 Nxd4 26. Nxd4 Qxe5 27. Qc5 Nd5 28. Re1 Qf6 29. Nxe6 1-0